 Dungeon Crawl Stone Soup version 0.14-a0-1739-g6c2808e (webtiles) character file.

281 Mitsuki the Skirmisher (level 5, -11/46 HPs)
             Began as a Hill Orc Skald on Jan 3, 2014.
             Was an Initiate of Cheibriados.
             Mangled by an ogre
             ... wielding a +0,+0 giant club
              (26 damage)
             ... on Level 4 of the Dungeon.
             The game lasted 00:19:58 (2787 turns).

Mitsuki the Skirmisher (Hill Orc Skald)             Turns: 2787, Time: 00:19:58

HP -11/46        AC  3     Str 17      XL: 5   Next: 56%
MP   1/7         EV 10     Int 13      God: Cheibriados [......]
Gold 105         SH  0     Dex 10 (11) Spells:  3 memorised,  1 level left

rFire  + . .     SeeInvis .     a - +0,+1 orc spear
rCold  . . .     Clarity  .     b - +0 orc leather armour
rNeg   . . .     Conserve .     (no shield)
rPois  +         rCorr    .     (no helmet)
rElec  .         rRot     .     (no cloak)
SustAb . .       Spirit   .     (no gloves)
rMut   .         Warding  .     (no boots)
Saprov + . .     Stasis   .     (no amulet)
                                t - +0,+7 ring of slaying
                                j - ring of poison resistance

@: very slightly contaminated, very slow, slightly resistant to hostile
enchantments, very unstealthy
A: hooves 1, deterioration 1, fire resistance 1, saprovore 1
a: Bend Time, Renounce Religion


You were on level 4 of the Dungeon.
You worshipped Cheibriados.
Cheibriados was noncommittal.
You were not hungry.

You visited 1 branch of the dungeon, and saw 4 of its levels.

You collected 105 gold pieces.

Inventory:

Hand weapons
 a - a +0,+1 orcish spear (weapon)
Armour
 b - a +0 orcish leather armour (worn)
Magical devices
 w - a wand of slowing (8)
Comestibles
 d - a meat ration
 h - 2 bread rations
 n - a choko
Scrolls
 e - a scroll of blinking {unknown}
 i - 3 scrolls of fog
 m - 2 scrolls of noise {unknown}
 o - 2 scrolls of teleportation {unknown}
 p - a scroll of enchant weapon I {unknown}
 q - a scroll of recharging {unknown}
 r - a scroll of remove curse {unknown}
 s - a scroll of fear {unknown}
 u - 4 scrolls of curse weapon {unknown}
Jewellery
 j - a ring of poison resistance (left hand)
 l - an uncursed ring of magical power
 t - a +0,+7 ring of slaying (right hand)
Potions
 f - a potion of degeneration {unknown}
 g - a potion of magic {unknown}
 k - a potion of flight {unknown}
 v - a potion of poison {unknown}
Books
 c - a book of Battle

   Spells                             Type                      Level
   *Infusion                          Charms                       1
   *Shroud of Golubria                Charms/Translocation         2
   Song of Slaying                    Charms                       2
   Spectral Weapon                    Hexes/Charms                 3
   *Regeneration                      Charms/Necromancy            3


   Skills:
 + Level 3.9 Fighting
 + Level 3.4 Polearms
 + Level 2.5 Armour
 - Level 0.7 Dodging
 - Level 1.6 Spellcasting
 + Level 3.8 Charms
 - Level 0.2 Necromancy


You had one spell level left.
You knew the following spells:

 Your Spells              Type           Power        Failure   Level  Hunger
a - Infusion              Chrm           ##....       8%          1    ##.....
b - Regeneration          Chrm/Necr      #.........   38%         3    ####...
c - Shroud of Golubria    Chrm/Tloc      #.........   21%         2    ###....


Dungeon Overview and Level Annotations

Branches:
Dungeon (4/16)
 Temple: D:4-7

Altars:
Ashenzari
Cheibriados
Zin


Innate Abilities, Weirdness & Mutations

You can tolerate rotten meat.
You have large cloven feet.
Your body is slowly deteriorating.
Your flesh is heat resistant.


Message History

The ogre hits you with a giant club!
Your shroud falls apart!
You barely miss the ogre. Your kick misses the ogre.
The ogre is severely wounded.
The ogre closely misses you.
You closely miss the ogre.
The ogre is severely wounded.
You closely miss the ogre.
The ogre is severely wounded.
The ogre barely misses you.
You closely miss the ogre. You kick the ogre.
The ogre is severely wounded.
The ogre barely misses you.
You barely miss the ogre.
The ogre is severely wounded.
You hit the ogre.
The ogre is almost dead.
The ogre hits you with a giant club!
Ouch! That really hurt!
You die...

#.......... .............
#..........................
#...........................
....###.....................
....# #.....................
....###......................
..............<..............
.............................
................@O..........
.......###.............>....
.......# #..........<.......
.......###.................
..........................
..........................
.........................
..###..................
#..................


You could see an ogre.

Vanquished Creatures
  4 adders
  4 worms
  3 giant geckos
  An ooze (D:3)
  6 orcs (D:3)
  A ball python (D:2)
  7 bats
  9 goblins
  14 hobgoblins
  23 jackals
  A quokka (D:3)
  3 giant cockroaches
  2 giant newts
  7 kobolds
  5 rats
90 creatures vanquished.

Notes
Turn   | Place    | Note
--------------------------------------------------------------
     0 | D:1      | Mitsuki, the Hill Orc Skald, began the quest for the Orb.
     0 | D:1      | Reached XP level 1. HP: 18/18 MP: 2/2
    75 | D:1      | Reached skill level 3 in Charms
    84 | D:1      | Reached XP level 2. HP: 19/25 MP: 3/3
   462 | D:1      | Reached XP level 3. HP: 8/30 MP: 5/5
   897 | D:1      | Learned a level 3 spell: Regeneration
  1362 | D:2      | Reached XP level 4. HP: 38/38 MP: 6/6
  2026 | D:3      | Gained mutation: Your body is slowly deteriorating. [potion of mutation]
  2026 | D:3      | Gained mutation: Your flesh is heat resistant. [potion of mutation]
  2026 | D:3      | Gained mutation: You have large cloven feet. [potion of mutation]
  2168 | D:3      | Reached XP level 5. HP: 39/45 MP: 7/7
  2405 | D:3      | Found a snail-covered altar of Cheibriados.
  2424 | D:3      | Became a worshipper of Cheibriados the Contemplative
  2586 | D:3      | Found a glowing silver altar of Zin.
  2586 | D:3      | Found a shattered altar of Ashenzari.
  2688 | D:3      | Learned a level 2 spell: Shroud of Golubria
  2768 | D:4      | Noticed an ogre
  2787 | D:4      | Mangled by an ogre

Action                   |  1- 3 |  4- 6 || total
-------------------------+-------+-------++-------
Melee: Spear             |   156 |   238 ||   394
 Cast: Infusion          |     1 |       ||     1
       Regeneration      |     3 |    12 ||    15
       Shroud of Golubri |       |     3 ||     3
  Use: Scroll            |     7 |     1 ||     8
       Potion            |       |     3 ||     3
